 Dungeon Crawl Stone Soup version 0.31-a0-1308-ga3cce3a448 (webtiles) character file.

Game seed: 4861080564239344610

3317 IdlyInterested the Carver (level 9, -6/69 HPs)
             Began as a Demonspawn Fighter on Dec 19, 2023.
             Mangled by a death yak (10 damage)
             ... on level 8 of the Dungeon.
             The game lasted 00:18:16 (5246 turns).

IdlyInterested the Carver (Demonspawn Fighter)      Turns: 5246, Time: 00:18:17

Health: -6/69      AC: 11    Str: 23    XL:     9   Next: 71%
Magic:  9/9        EV:  5    Int:  9    God:
Gold:   320        SH:  9    Dex: 16    Spells: 8/8 levels left

rFire   . . .        f - +4 rapier (speed)
rCold   . . .        c - +0 buckler
rNeg    . . .        l - +0 chain mail
rPois   +            (no helmet)
rElec   .            (no cloak)
rCorr   .            (no gloves)
SInv    .            (no boots)
Will    .....        n - amulet of regeneration Stlth
                     z - ring of poison resistance
HPRegen 1.11/turn    t - +6 ring of strength
MPRegen 0.11/turn

%: no passive effects
@: mighty, about to teleport, petrifying (expiring), very slow
A: yellow scales 1, spiny 1, condensation shield
a: no special abilities


You were on level 8 of the Dungeon.
You visited 2 branches of the dungeon, and saw 9 of its levels.

You collected 320 gold pieces.

Inventory:

Hand Weapons
 a - a +0 long sword
 e - a +4 trident of draining
 f - a +4 rapier of speed (weapon)
 s - a +0 long sword
 K - a +5 dagger of freezing
Missiles
 k - 39 stones (quivered)
 y - 11 poisoned darts
 I - 5 atropa-tipped darts
 L - 6 boomerangs
Armour
 c - a +0 buckler (worn)
 l - a +0 chain mail (worn)
 F - a +0 robe of positive energy
Jewellery
 j - an amulet of faith
 n - an amulet of regeneration (around neck)
 t - a +6 ring of strength (right hand)
 z - a ring of poison resistance (left hand)
 D - an amulet of reflection
Talismans
 u - a flux talisman
 E - a blade talisman
Wands
 x - a wand of mindburst (16)
 B - a wand of flame (57)
 G - a wand of roots (7)
 J - a wand of charming (7)
Scrolls
 b - 7 scrolls of teleportation
 g - a scroll of silence
 p - 2 scrolls of revelation
 q - 3 scrolls of vulnerability
 r - a scroll of amnesia
 v - a scroll of fog
 w - a scroll of blinking
 H - 2 scrolls of torment
Potions
 d - a potion of might
 i - a potion of enlightenment
 m - a potion of mutation {unknown}
 o - 2 potions of curing
 A - a potion of lignification {unknown}
 C - a potion of brilliance {unknown}
 M - a potion of ambrosia {unknown}


   Skills:
 - Level 6.0 Fighting
 * Level 8.7 Long Blades
 - Level 3.0 Throwing
 + Level 3.5 Armour
 - Level 4.0 Dodging
 - Level 3.0 Stealth
 - Level 2.6 Shields
 - Level 3.0 Evocations
 - Level 3.0 Shapeshifting


You had 8 spell levels left.
You didn't know any spells.
Your spell library contained the following spells:

 Spells                   Type           Power      Damage    Failure   Level
 Summon Small Mammal      Summ           0%         N/A       96%         1
 Cigotuvi's Dreadful Rot  Necr/Pois/Air  0%         N/A       99%         2
 Call Canine Familiar     Summ           0%         N/A       100%        3
 Ignite Poison            Fire/Tmut/Pois 0%         N/A       100%        3
 Summon Guardian Golem    Hex/Summ       0%         N/A       100%        3
 Freezing Cloud           Conj/Ice/Air   0%         6-21      100%        5


Dungeon Overview and Level Annotations

Branches:
Dungeon (8/15)             Temple (1/1) D:7            Lair (0/5) D:8

Altars:
Ashenzari
Cheibriados
Dithmenos
Fedhas
Gozag
Hepliaklqana
Kikubaaqudgha
Makhleb
Qazlal
Ru
Sif Muna
Trog
Xom

Shops:
D:2 (   D:3 (


Innate Abilities, Weirdness & Mutations

You are partially covered in yellow scales. (AC +2)
You are partially covered in sharp spines.
A meltable shield of frost defends you. (SH +4)


Message History

The basilisk gazes at you. You resist with some effort.
The death yak gores you but does no damage.
The basilisk bites you but does no damage.
The death yak is struck by your spines. The death yak gores you!
The basilisk gazes at you.
The death yak snorts and paws the ground.
The death yak gores you! The basilisk is struck by your spines.
The basilisk bites you. The death yak is struck by your spines.
The death yak gores you! The basilisk bites you. The death yak gores you!
* * * LOW HITPOINT WARNING * * *
The basilisk completely misses you.
The death yak gores you but does no damage.
The basilisk bites you but does no damage.
The death yak gores you but does no damage.
You turn to flesh and can move again.
As you read the scroll of teleportation, it crumbles to dust.
You feel strangely unstable. The death yak gores you.
* * * LOW HITPOINT WARNING * * *
The basilisk is struck by your spines. The basilisk barely misses you.
You feel much better.
The basilisk hisses menacingly.
The basilisk gazes at you.
You are slowing down.
The death yak is struck by your spines. The death yak gores you!!
You hit the death yak.
The death yak is moderately wounded.
The death yak is struck by your spines. The death yak gores you!!
* * * LOW HITPOINT WARNING * * *
The basilisk bites you!
* * * LOW HITPOINT WARNING * * *
Your limbs are stiffening.
The basilisk gazes at you.
Your limbs have turned to stone.
The death yak attacks as it pursues you!
The death yak gores you.
* * * LOW HITPOINT WARNING * * *
The death yak gores you!
You die...

...> ..... P.... ....
..# #.## #.#..#####
##....†##.##
#.....lY@..##
#............##
#.....##.......###
....###..........#####
..##
#.............^.### ##
##............#....#
#..<...........###.#
##.............#####
### #..............##


You could see a death yak and a basilisk.

Vanquished Creatures
  An elephant (D:8)
  Jeremiah (D:6)
  The ghost of ojifijod the Shooter, an amateur FoHu (D:4)
  Grinder (D:6)
  Sigmund (D:4)
  A wyvern (D:7)
  Eustachio (D:6)
  Duvessa (D:7)
  5 black bears
  An ogre (D:3)
  2 phantoms
  A bullfrog (D:7)
  3 scorpions
  Dowan (D:7)
  5 killer bees (D:6)
  A howler monkey (D:4)
  An orc priest (D:4)
  2 hounds
  4 jellies
  3 iguanas (D:5)
  A sleepcap (D:7)
  4 orc wizards
  4 gnolls (D:7)
  6 adders
  A shadow imp (D:7)
  A white imp (D:7)
  2 worms
  5 orcs
  8 endoplasms
  2 giant cockroaches
  8 hobgoblins
  3 quokkas
  2 ball pythons
  7 bats
  2 frilled lizards
  9 goblins
  4 kobolds
  5 rats
111 creatures vanquished.

Vanquished Creatures (others)
  A black bear (D:8)
1 creature vanquished.

Grand Total: 112 creatures vanquished

Notes
Turn   | Place    | Note
-------+----------+-------------------------------------------
     0 | D:1      | IdlyInterested the Demonspawn Fighter began the quest for
                  | the Orb.
     0 | D:1      | Reached XP level 1. HP: 18/18 MP: 1/1
   102 | D:1      | Reached skill level 2 in Long Blades
   214 | D:1      | Gained mutation: You are partially covered in sharp spines.
                  | [demonic ancestry]
   214 | D:1      | Reached XP level 2. HP: 24/24 MP: 2/2
   499 | D:1      | Found a faded altar of an unknown god.
   666 | D:2      | Reached skill level 3 in Long Blades
   687 | D:2      | Gained mutation: You are partially covered in yellow
                  | scales. (AC +2) [demonic ancestry]
   687 | D:2      | Reached XP level 3. HP: 29/29 MP: 3/3
   813 | D:2      | Found a sacrificial altar of Ru.
   846 | D:2      | Found Betiof's Antique Weapon Shop.
   888 | D:2      | Reached skill level 1 in Dodging
  1601 | D:3      | Found Qoicedo's Antique Weapon Shop.
  1662 | D:3      | Reached XP level 4. HP: 35/35 MP: 4/4
  1787 | D:3      | Identified the +1 spear "Urias" {protect, ^Fragile rPois
                  | Will+ Dex+4}
  1903 | D:3      | Noticed an ogre
  1910 | D:3      | Killed an ogre
  1911 | D:3      | Reached skill level 1 in Throwing
  1911 | D:3      | Reached XP level 5. HP: 30/41 MP: 5/5
  2177 | D:4      | Noticed a black bear
  2186 | D:4      | Killed a black bear
  2215 | D:4      | Reached skill level 1 in Stealth
  2215 | D:4      | Reached XP level 6. HP: 47/47 MP: 6/6
  2326 | D:4      | Found a bloodstained altar of Trog.
  2370 | D:4      | Noticed ojifijod's ghost (amateur FoHu)
  2373 | D:4      | Found a runed translucent door.
  2419 | D:4      | Noticed Sigmund
  2432 | D:4      | Reached skill level 1 in Shapeshifting
  2432 | D:4      | Killed Sigmund
  2433 | D:4      | Reached XP level 7. HP: 19/52 MP: 7/7
  2450 | D:4      | Reached skill level 1 in Evocations
  3002 | D:4      | Killed ojifijod's ghost
  3046 | D:5      | Entered Level 5 of the Dungeon
  3073 | D:5      | Reached skill level 4 in Long Blades
  3073 | D:5      | Gained mutation: A meltable shield of frost defends you.
                  | (SH +4) [demonic ancestry]
  3073 | D:5      | Reached XP level 8. HP: 60/60 MP: 8/8
  3332 | D:5      | Reached skill level 5 in Long Blades
  3559 | D:6      | Noticed Grinder
  3569 | D:6      | Paralysed by Grinder for 4 turns
  3576 | D:6      | Killed Grinder
  3577 | D:6      | Reached skill level 5 in Fighting
  3577 | D:6      | Reached skill level 6 in Long Blades
  3696 | D:6      | Noticed Jeremiah
  3710 | D:6      | Killed Jeremiah
  3879 | D:6      | Noticed Eustachio
  3915 | D:6      | Killed Eustachio
  3916 | D:6      | Reached XP level 9. HP: 38/69 MP: 9/9
  4169 | D:6      | Reached skill level 7 in Long Blades
  4624 | D:7      | Found a staircase to the Ecumenical Temple.
  4640 | Temple   | Entered the Ecumenical Temple
  4669 | D:7      | Noticed Duvessa
  4669 | D:7      | Noticed Dowan
  4697 | D:7      | Killed Dowan
  4702 | D:7      | Killed Duvessa
  4789 | D:7      | Reached skill level 8 in Long Blades
  5070 | D:7      | Found an opulent altar of Gozag.
  5070 | D:7      | Found a burning altar of Makhleb.
  5207 | D:8      | Noticed a death yak
  5208 | D:8      | Found a staircase to the Lair.
  5208 | D:8      | Noticed an elephant
  5229 | D:8      | Killed an elephant
  5246 | D:8      | Mangled by a death yak

Illustrated notes

Levels and vault maps discovered:
D:1:      kennysheep_arrival_seaside, layout_basic,
          hellmonk_ecumenical_altar_run_dry
D:2:      layout_basic, basic_altar, serial_shops, nicolae_shop_hallway_plus,
          nrook_mini_backslash
D:3:      kennysheep_big_flooded_room, layout_loops_ring, serial_shops,
          nicolae_shop_rolling_square, st_stairs_7, serial_park_tiny_pond,
          minmay_pentangle
D:4:      layout_loops_cross, trog_three_pillars_becter,
          hellmonk_ghost_happy_afterlife, kennysheep_diamond, kennysheep_path_1,
          uniq_sigmund
D:5:      layout_rooms, lemuel_flamethrower_1
D:6:      layout_basic, hangedman_decor_riveting, uniq_grinder, uniq_jeremiah,
          uniq_eustachio
D:7:      layout_gridville, gammafunk_temple_overflow_statue,
          minmay_temple_entry_trees, uniq_duvessa
D:8:      layout_cave_pods, nicolae_uskayaw_suspiria,
          nicolae_overflow_crystal_walls, david_lair_generic, uniq_grum
Temple:   nicolae_temple_slightly_damp_pantheon

Skill      XL: |  1  2  3  4  5  6  7  8  9 |
---------------+----------------------------+-----
Long Blades    | 2 3 4 6 8 |  8.7
Armour         | 3 |  3.5
Dodging        | 2 3 4 |  4.0
Throwing       | 1 3 |  3.0
Stealth        | 1 3 |  3.0
Shapeshifting  | 2 3 |  3.0
Evocations     | 3 |  3.0
Fighting       | 5 6 |  6.0
Shields        | |  2.6

Action                     |  1- 3 |  4- 6 |  7- 9 || total
---------------------------+-------+-------+-------++-------
  Melee: Long sword        |    80 |    67 |   153 ||   300
         Rapier            |       |       |   114 ||   114
  Throw: Dart              |       |       |     2 ||     2
         Stone             |       |       |     2 ||     2
  Evoke: Wand              |       |       |     6 ||     6
    Use: Scroll            |     3 |     1 |     7 ||    11
         Potion            |     1 |       |     6 ||     7
 Armour: Scale mail        |    15 |       |       ||    15
         Chain mail        |    39 |    78 |   254 ||   371
  Dodge: Dodged            |    23 |    37 |    88 ||   148
  Block: Buckler           |    17 |    10 |    95 ||   122

Table legend: (Time is in decaauts)
 A = Elapsed time spent in this place.
 B = Non-inter-level travel time spent in this place.
 C = Inter-level travel time spent in this place.
 D = Time resting spent in this place.
 E = Time spent auto-exploring this place.
 F = Levels seen in this place.
 G = Mean time per level.
                   A        B        C        D        E       F      G
               +--------+--------+--------+--------+--------+-----+--------+
         Total |   5296 |   4992 |    304 |    344 |   3329 |   9 |  588.4 |
       Dungeon |   5294 |   4990 |    304 |    344 |   3329 |   8 |  661.8 |
        Temple |      1 |      1 |      0 |      0 |      0 |   1 |    1.0 |
               +--------+--------+--------+--------+--------+-----+--------+

Top non-repeatable levels by time:
     D:6: 1120 daAuts
     D:4: 899 daAuts
     D:2: 888 daAuts
     D:1: 666 daAuts
     D:3: 661 daAuts
     D:7: 517 daAuts
     D:5: 459 daAuts
     D:8: 82 daAuts
  Temple: 1 daAuts
